 Dungeon Crawl Stone Soup version 0.25.1-2-g60ff931df9 (webtiles) character file.

Game seed: 18210014874428508604

12718 DogServant the Martial Artist (level 11, -21/92 HPs)
             Began as a Yellow Draconian Transmuter on Oct 22, 2020.
             Was an Elder of Wu Jian.
             Demolished by Frances
             ... wielding a +0 dire flail
              (27 damage)
             ... on level 12 of the Dungeon.
             The game lasted 00:36:14 (16049 turns).

DogServant the Martial Artist (DrTm)               Turns: 16049, Time: 00:36:15

Health: -21/92     AC:  9    Str: 14    XL:     11   Next: 66%
Magic:  16/19      EV: 15    Int: 13    God:    Wu Jian [****..]
Gold:   375        SH:  0    Dex: 14    Spells: 10/21 levels left

rFire    . . .     SeeInvis +     - Unarmed
rCold    . . .     Gourm    .   (shield currently unavailable)
rNeg     . . .     Faith    .   (armour unavailable)
rPois    .         Spirit   .   (helmet restricted)
rElec    .         Reflect  .   (no cloak)
rCorr    +         Harm     .   (gloves currently unavailable)
MR       +....                  o - +1 pair of boots
Stlth    +.........             (no amulet)
HPRegen  0.25/turn              y - ring of see invisible
MPRegen  0.16/turn              n - ring of protection from magic

@: exhausted, blade hands
A: spit acid, unfitting armour, cold-blooded, acid resistance, AC +7
a: Breathe Acid, End Transformation, Wall Jump, Serpent's Lash, Renounce
Religion


You were on level 12 of the Dungeon.
You worshipped Wu Jian.
Wu Jian was greatly pleased with you.
You were not hungry.
You had blades for hands.
You visited 2 branches of the dungeon, and saw 13 of its levels.
You also visited: Ossuary and Bailey.

You collected 771 gold pieces.
You spent 396 gold pieces at shops.

Inventory:

Missiles
 a - 100 arrows
 p - 25 poisoned darts (quivered)
Armour
 o - a +1 pair of boots (worn)
Jewellery
 j - an uncursed ring of protection from cold
 n - a ring of protection from magic (right scythe-like blade)
 y - a ring of see invisible (left scythe-like blade)
 E - a +4 ring of protection
 F - an uncursed amulet of reflection {unknown}
 H - an uncursed ring of resist corrosion {unknown}
 K - a +4 ring of protection
Wands
 e - a wand of digging (2)
 C - a wand of enslavement (7)
 D - a wand of flame (29)
 M - a wand of polymorph (7)
Scrolls
 b - a scroll of torment {unknown}
 k - 3 scrolls of fear {unknown}
 m - 3 scrolls of remove curse
 r - 3 scrolls of enchant armour {unknown}
 s - 2 scrolls of amnesia {unknown}
 u - 3 scrolls of noise {unknown}
 B - 3 scrolls of identify
 G - 2 scrolls of blinking {unknown}
 I - a scroll of magic mapping
 J - a scroll of fog {unknown}
Potions
 d - 4 potions of might
 f - 2 potions of flight {unknown}
 g - 4 potions of lignification {unknown}
 h - 4 potions of resistance
 i - a potion of brilliance {unknown}
 l - 4 potions of stabbing {unknown}
 q - 2 potions of invisibility {unknown}
 t - 3 potions of mutation {unknown}
 v - a potion of haste
 w - 7 potions of heal wounds
 x - 3 potions of curing
 z - a potion of experience {unknown}
 A - a potion of cancellation {unknown}
Comestibles
 c - 12 rations


   Skills:
 - Level 7.0 Fighting
 - Level 5.2 Dodging
 + Level 12.7 Unarmed Combat
 - Level 5.5 Spellcasting
 - Level 8.0 Transmutations
 - Level 2.4 Poison Magic
 - Level 5.0 Evocations


You had 10 spell levels left.
You knew the following spells:

 Your Spells              Type           Power        Failure   Level  Hunger
a - Beastly Appendage     Tmut           ###...       13%         1    None
b - Sticks to Snakes      Tmut           ###.....     16%         2    ##.....
c - Spider Form           Tmut/Pois      ###.......   36%         3    ###....
d - Blade Hands           Tmut           ###.......   61%         5    ######.

Your spell library contained the following spells:

 Spells                   Type           Power        Failure   Level  Hunger
 Animate Skeleton         Necr           N/A          61%         1    None
 Pain                     Necr           #...         61%         1    None
 Shroud of Golubria       Chrm/Tloc      #.....       69%         2    ##.....
 Ice Form                 Ice/Tmut       ##......     77%         4    ####...
 Vampiric Draining        Necr           #.........   86%         3    ###....
 Animate Dead             Necr           N/A          99%         4    ####...
 Hailstorm                Conj/Ice       #.......     99%         4    ####...
 Agony                    Necr           #.......     100%        5    ######.
 Simulacrum               Ice/Necr       #.........   100%        6    #######


Dungeon Overview and Level Annotations

Branches:
Dungeon (12/15)            Temple (1/1) D:5             Orc (0/2) D:11
Ossuary (visited)          Bailey (visited)
   Lair: D:8-11

Altars:
Ashenzari
Cheibriados
Dithmenos
Elyvilon
Fedhas
Gozag
Hepliaklqana
Kikubaaqudgha
Makhleb
Nemelex Xobeh
Okawaru
Qazlal
Ru
Sif Muna
Trog
Uskayaw
Vehumet
Wu Jian
Xom
Yredelemnul
Zin
The Shining One

Shops:
D:4 *   D:5 :   D:6 (   D:8 ?=   D:9 :

Annotations:
D:6 1 runed translucent door, Crazy Yiuf
D:10 1 runed translucent door, Curus's ghost, journeyman MiFi
D:11 3 exclusions
D:12 Frances; Rupert


Innate Abilities, Weirdness & Mutations

You can spit globs of acid.
Your golden yellow scales are hard. (AC +7)
You cannot fit into any form of body armour.
You are cold-blooded and may be slowed by cold attacks.
You are resistant to acid. (rCorr)


Message History

You spin and attack the sixfirhy repeatedly.
You hit the sixfirhy.
The sixfirhy is almost dead.
You hit the sixfirhy.
You kill the sixfirhy!
The black bear barely misses you. The black bear closely misses you.
The black bear claws you but does no damage.
Frances closely misses you.
You spin and attack the black bear.
You slice the black bear!!
You kill the black bear!
The Council accepts your kill.
You spin and attack Frances.
You hit Frances. You tail-slap Frances.
Frances is moderately wounded.
Rupert roars madly and goes into a rage!
Rupert goes berserk!
Frances hits you with a +0 dire flail!!
* * * LOW HITPOINT WARNING * * *
There is a stone staircase leading up, spattered with blood here.
You are too exhausted to lash out.
Frances hits you with a +0 dire flail!!
You die...

..#.# . ......##
.. ..#
$......##... ...#
.[......... ##...
##...#......
#....##...........
..................
.......)).........
..#....).@........
.#....!@@.#.....
..........## ...
#...%............
....%...###.....
#.......# .....
##...##.. .^..
##.# #. .#.. #..
#. #..


You could see Frances and Rupert (berserk).

Vanquished Creatures
  A two-headed ogre (D:8)
  2 unseen horrors
  3 ugly things (D:11)
  2 cyclopes (D:11)
  A troll (D:11)
  Grinder (D:6)
  A slime creature (D:9)
  2 hippogriffs (D:10)
  A wyvern (D:8)
  A hungry ghost (D:9)
  Edmund (D:6)
  3 ice beasts
  4 sky beasts
  13 orc warriors
  2 black bears
  3 necrophages
  14 ogres
  2 phantoms
  3 wolves (D:11)
  2 centaurs
  A crocodile (D:10)
  A big kobold (D:12)
  8 bullfrogs
  A wyvern zombie (D:6)
  2 scorpions
  11 killer bees
  9 wights
  A howler monkey (D:4)
  6 crimson imps
  5 hounds
  7 orc priests
  A bullfrog skeleton (D:9)
  A jelly (D:9)
  2 centaur zombies
  3 centaur skeletons
  2 iguanas (D:9)
  11 orc wizards
  13 worker ants
  7 big kobold zombies (Ossuary)
  A mummy (Ossuary)
  A worker ant zombie (D:7)
  4 gnolls
  9 adders
  2 shadow imps (D:6)
  An ooze (D:3)
  A worm (D:5)
  A dart slug (D:1)
  6 leopard geckos
  67 orcs
  A spectral bat (Ossuary)
  2 ball pythons
  10 bats
  9 giant cockroaches
  10 goblins
  3 hobgoblins
  12 jackals
  14 kobolds
  5 quokkas
  5 bat simulacra (Ossuary)
  3 frilled lizards
  5 gnoll zombies (Ossuary)
  3 goblin simulacra (Ossuary)
  4 goblin zombies (Ossuary)
  5 hobgoblin zombies (Ossuary)
  A jackal skeleton (D:5)
  4 kobold simulacra (Ossuary)
  5 kobold zombies (Ossuary)
  A leopard gecko skeleton (D:4)
  4 orc zombies (Ossuary)
  5 rats
  A rat simulacrum (Ossuary)
  A spectral goblin (Ossuary)
  A spectral kobold (Ossuary)
  6 spectral rats (Ossuary)
367 creatures vanquished.

Vanquished Creatures (collateral kills)
  A scorpion (D:2)
  A leopard gecko (D:2)
  An orc (D:6)
3 creatures vanquished.

Vanquished Creatures (others)
  2 withered plants (D:10)
2 creatures vanquished.

Grand Total: 372 creatures vanquished

Notes
Turn   | Place    | Note
-------+----------+-------------------------------------------
     0 | D:1      | DogServant the Draconian Transmuter began the quest for the
                  | Orb.
     0 | D:1      | Reached XP level 1. HP: 16/16 MP: 3/3
   250 | D:1      | Reached XP level 2. HP: 20/24 MP: 3/5
   706 | D:1      | Reached XP level 3. HP: 26/30 MP: 4/6
  1105 | D:2      | Noticed a phantom
  1327 | D:3      | Reached skill level 4 in Unarmed Combat
  1417 | D:3      | Learned a level 2 spell: Sticks to Snakes
  1421 | D:3      | Learned a level 3 spell: Spider Form
  1453 | D:3      | Noticed a necrophage
  1510 | D:2      | Killed a necrophage
  1510 | D:2      | Reached skill level 1 in Poison Magic
  1510 | D:2      | Reached XP level 4. HP: 38/38 MP: 2/7
  1510 | D:2      | Reached XP level 5. HP: 45/45 MP: 2/8
  1992 | D:3      | Reached XP level 6. HP: 26/51 MP: 5/9
  2033 | D:3      | Found a basalt altar of Yredelemnul.
  2621 | D:3      | Reached skill level 5 in Unarmed Combat
  3657 | D:4      | Your scales start taking on a golden yellow colour.
  3657 | D:4      | Reached XP level 7. HP: 18/57 MP: 9/11
  3657 | D:4      | Gained mutation: You are resistant to acid. (rCorr) [Yellow
                  | Draconian growth]
  4210 | D:4      | Found Zin's Purification Station.
  4210 | D:4      | Found a glowing silver altar of Zin.
  4225 | D:4      | Identified the Papyrus of Freezing Dislocation
  4377 | D:5      | Entered Level 5 of the Dungeon
  4690 | D:5      | Found a staircase to the Ecumenical Temple.
  4707 | Temple   | Entered the Ecumenical Temple
  4848 | D:5      | Found a shadowy altar of Dithmenos.
  4872 | D:5      | Found an ornate altar of the Wu Jian Council.
  4883 | D:5      | Became a worshipper of the Wu Jian Council
  5114 | D:5      | Reached skill level 6 in Unarmed Combat
  5437 | D:5      | Found Lusmofai's Book Shop.
  5640 | D:5      | Found an iron altar of Okawaru.
  5869 | D:6      | Reached skill level 5 in Transmutations
  5885 | D:6      | Noticed Grinder
  5886 | D:6      | Paralysed by Grinder for 4 turns
  5903 | D:6      | Killed Grinder
  5903 | D:6      | Reached XP level 8. HP: 48/63 MP: 9/14
  5917 | D:6      | Learned a level 5 spell: Blade Hands
  5920 | D:6      | Found a sand-covered staircase.
  5925 | Ossuary  | Entered an ossuary
  6003 | Ossuary  | Reached * piety under Wu Jian
  6414 | Ossuary  | Reached ** piety under Wu Jian
  6637 | D:6      | Found a blossoming altar of Fedhas.
  6774 | D:6      | Noticed Edmund
  6793 | D:6      | Reached skill level 7 in Unarmed Combat
  6793 | D:6      | HP: 2/63 [Edmund/+1 flail of draining (2)]
  7248 | D:6      | Found a runed translucent door.
  7249 | D:6      | Noticed Crazy Yiuf
  7365 | D:6      | Killed Edmund
  7365 | D:6      | Reached skill level 5 in Spellcasting
  7520 | D:6      | Found a hide-covered altar of Uskayaw.
  7521 | D:6      | Found a shimmering altar of Xom.
  7679 | D:6      | Found a burning altar of Makhleb.
  7766 | D:6      | Reached XP level 9. HP: 35/69 MP: 15/17
  7811 | D:6      | Reached *** piety under Wu Jian
  8321 | D:6      | Found Jakhlua's Antique Weapon Shoppe.
  8811 | D:7      | Reached skill level 8 in Unarmed Combat
  8917 | D:7      | Found a flagged portal.
  8932 | Bailey   | Entered a bailey
  9543 | Bailey   | Noticed an orc knight
  9811 | D:7      | Reached skill level 5 in Fighting
 10594 | D:7      | Found a bloodstained altar of Trog.
 10738 | D:8      | Reached XP level 10. HP: 80/80 MP: 12/18
 11150 | D:8      | Noticed a two-headed ogre
 11152 | D:8      | Found Xihy's Jewellery Shoppe.
 11155 | D:8      | Killed a two-headed ogre
 11155 | D:8      | Reached skill level 9 in Unarmed Combat
 11289 | D:8      | Bought a +4 ring of protection for 396 gold pieces
 11539 | D:8      | Found Coxiurix's Magic Scroll Boutique.
 11739 | D:9      | Reached skill level 5 in Dodging
 11916 | D:9      | Found Azesetre's Book Shop.
 12098 | D:9      | Reached skill level 1 in Evocations
 12690 | D:10     | Entered Level 10 of the Dungeon
 12789 | D:10     | Reached skill level 10 in Unarmed Combat
 13240 | D:10     | Noticed an unseen horror
 13243 | D:10     | Killed an unseen horror
 13436 | D:10     | Reached XP level 11. HP: 91/91 MP: 13/19
 13508 | D:10     | Reached **** piety under Wu Jian
 13810 | D:10     | Found a runed translucent door.
 13818 | D:10     | Noticed Curus's ghost (journeyman MiFi)
 13979 | D:11     | Noticed a red ugly thing
 14267 | D:11     | Noticed a white ugly thing
 14370 | D:11     | Noticed an unseen horror
 14377 | D:11     | Killed an unseen horror
 14377 | D:11     | Reached skill level 5 in Evocations
 14498 | D:11     | Reached skill level 11 in Unarmed Combat
 14683 | D:11     | Killed a white ugly thing
 14811 | D:11     | Found a staircase to the Orcish Mines.
 15289 | D:11     | Reached skill level 12 in Unarmed Combat
 15798 | D:11     | Noticed a cyan ugly thing
 15806 | D:11     | Killed a red ugly thing
 15810 | D:11     | Killed a cyan ugly thing
 16038 | D:12     | Noticed Frances
 16044 | D:12     | Noticed a sixfirhy
 16045 | D:12     | Noticed Rupert
 16049 | D:12     | Demolished by Frances

Illustrated notes

Levels and vault maps discovered:
D:1:      dpeg_arrival_water_temple_mockup, layout_rooms
D:2:      layout_rooms, first_ration, minmay_diced_spiral
D:3:      corexii_shack_village, layout_basic, yredelemnul_altar_generic,
          minmay_misc_feat_tower, minmay_cupped
D:4:      layout_cave_pods, zin_purify, kennysheep_generic_room_13
D:5:      layout_rooms, kennysheep_okawaru_gauntlet, lemuel_round_altar,
          minmay_temple_entry_mist, serial_shops, nicolae_shop_trees,
          nicolae_dithmenos_through_a_glass_darkly
D:6:      layout_loops_corners, fedhas_altar_2, nicolae_overflow_crystal_walls,
          gammafunk_temple_overflow_statue, serial_shops, kennysheep_mini_moat,
          lightli_ossuary_entry_decrepit_ruins, palyth_stone_intersect,
          chequers_mini_garden, uniq_grinder, uniq_crazy_yiuf_cottage,
          uniq_edmund
D:7:      layout_basic, lemuel_coloured_pillars_altar, enter_bailey_3,
          zaba_anthole, grunt_ogre_cave
D:8:      layout_loops_ring, serial_shops, kennysheep_little_box, shop
D:9:      minmay_slanted_spiral_squares, layout_basic, serial_shops, shop,
          kennysheep_flooded_box
D:10:     layout_long_grid, gammafunk_ghost_grave, special_room
          [special_room_orc], st_stairs_4, nrook_campfire,
          grunt_decor_mini_mirrors
D:11:     layout_basic, erik_lair_island, david_orc_3
D:12:     layout_cave_pools, serial_shops, shop, uniq_frances, uniq_rupert
Temple:   cyrus_circular_temple

Skill      XL: |  1  2  3  4  5  6  7  8  9 10 11 |
---------------+----------------------------------+-----
Fighting       | 2 3 5 7 |  7.0
Unarmed Combat | 4 5 6 7 8 10 12 | 12.7
Poison Magic   | 1 2 |  2.4
Transmutations | 3 4 5 6 7 8 |  8.0
Spellcasting   | 4 5 |  5.5
Dodging        | 4 5 |  5.2
Evocations     | 4 5 |  5.0

Action                   |  1- 3 |  4- 6 |  7- 9 | 10-12 || total
-------------------------+-------+-------+-------+-------++-------
Melee: Unarmed           |   111 |   143 |   489 |   284 ||  1027
       Headbutt          |     8 |     6 |    34 |       ||    48
       Kick              |     8 |     8 |       |       ||    16
       Tailslap          |    13 |    16 |    51 |    20 ||   100
       Punch             |       |     2 |    19 |     6 ||    27
Throw: Dart              |       |       |    11 |       ||    11
 Cast: Beastly Appendage |    15 |    19 |    43 |     1 ||    78
       Sticks to Snakes  |     3 |     5 |     3 |       ||    11
       Spider Form       |       |     3 |    11 |     3 ||    17
       Blade Hands       |       |       |     9 |    46 ||    55
Invok: Lunge             |       |       |    30 |    30 ||    60
       Whirlwind         |       |       |    24 |    51 ||    75
       Serpent's Lash    |       |       |     4 |    12 ||    16
 Abil: Breathe Acid      |       |       |    14 |     5 ||    19
       Wall Jump         |       |       |     6 |    22 ||    28
       End Transformatio |       |       |     1 |     1 ||     2
  Use: Potion            |     4 |     1 |     1 |     1 ||     7
       Scroll            |     3 |       |     5 |       ||     8
 Stab: Sleeping          |       |       |     2 |       ||     2
       Distracted        |       |       |       |     1 ||     1
  Eat: Chunk             |     2 |     8 |    15 |    21 ||    46
       Ration            |       |       |     5 |     4 ||     9
Armor: Skin              |    47 |    27 |   100 |    66 ||   240
Dodge: Dodged            |   104 |   114 |   259 |   159 ||   636
